 Dungeon Crawl Stone Soup version 0.28.0-53-g5a82cb258f (webtiles) character file.

Game seed: 8504316080976326849

144 bobregger the Cudgeller (level 5, -4/54 HPs)
             Began as an Ogre Berserker on June 15, 2022.
             Was a Believer of Trog.
             Engulfed by a steam dragon's steam (5 damage)
             ... on level 4 of the Dungeon.
             The game lasted 00:04:00 (4415 turns).

bobregger the Cudgeller (Ogre Berserker)            Turns: 4415, Time: 00:04:02

Health: -4/54      AC:  3    Str: 21    XL:     5   Next: 26%
Magic:  5/5        EV: 10    Int:  8    God:    Trog [**....]
Gold:   134        SH:  0    Dex: 10    Spells: 4/4 levels left

rFire   . . .      SeeInvis .   a - +0 mace
rCold   . . .      Faith    .   (no shield)
rNeg    . . .      Spirit   .   b - +0 animal skin
rPois   .          Reflect  .   (helmet restricted)
rElec   .          Harm     .   (no cloak)
rCorr   .          Rampage  .   (gloves unavailable)
Will    +....                   (boots unavailable)
Stlth   +.........              (no amulet)
HPRegen 0.18/turn               j - ring of willpower
MPRegen 0.09/turn               (no ring)

@: no status effects
A: large, unfitting armour, tough skin 1
a: Renounce Religion, Berserk, Trog's Hand


You were on level 4 of the Dungeon.
You worshipped Trog.
Trog was pleased with you.
You visited 1 branch of the dungeon, and saw 4 of its levels.

You collected 134 gold pieces.

Inventory:

Hand Weapons
 a - a +0 mace (weapon)
Armour
 b - a +0 animal skin (worn)
Jewellery
 j - a ring of willpower (left hand)
Scrolls
 c - a scroll of magic mapping {unknown}
Potions
 g - a potion of cancellation {unknown}
 h - 2 potions of might {unknown}


   Skills:
 - Level 4.0 Fighting
 + Level 5.3 Maces & Flails
 - Level 2.6 Dodging


You had 4 spell levels left.
You didn't know any spells.
Your spell library was empty.

Dungeon Overview and Level Annotations

Branches:
Dungeon (4/15)
 Temple: D:4-7

Altars:
Hepliaklqana

Shops:
D:2 *


Innate Abilities, Weirdness & Mutations

You are too large for most types of armour.
You have tough skin. (AC +1)


Message History

The endoplasm freezes you.
You are frozen.
You barely miss the endoplasm. The endoplasm misses you.
You hit the endoplasm. You punch the endoplasm.
You kill the endoplasm!
Trog accepts your kill.
HP restored.
You now have 121 gold pieces (gained 13).
You now have 134 gold pieces (gained 13).
Found a stone staircase leading up.
Found a ring mail and Ozocubu's Autobiography.
A steam dragon comes into view.
The steam dragon hisses angrily.
A steam dragon is nearby!
The steam dragon breathes steam at you. The ball of steam hits you!!
You hear an angry hiss.
The steam dragon breathes steam at you. The ball of steam hits you.
You are engulfed in a cloud of scalding steam.
You are engulfed in a cloud of scalding steam.
* * * LOW HITPOINT WARNING * * *
Aiming: Iceblast
Press: ? - help, Shift-Dir - straight line, f - steam dragon
Aim: a steam dragon The mass of ice explodes!
The iceblast engulfs the steam dragon!
The steam dragon is heavily wounded.
You are engulfed in a cloud of scalding steam.
* * * LOW HITPOINT WARNING * * *
The steam dragon breathes steam at you. The ball of steam hits you!
* * * LOW HITPOINT WARNING * * *
Aiming: Iceblast
Press: ? - help, Shift-Dir - straight line, f/p - steam dragon
Aim: a steam dragon (steam, heavily wounded)
The mass of ice explodes!
The iceblast engulfs the steam dragon.
The steam dragon is heavily wounded.
The now-empty wand crumbles to dust.
You are engulfed in a cloud of scalding steam.
You die...

.## #### D.
#.. #§ #.#
##.######.#
#..§......#
#.§.D.....#
#.§§=.§.§§#
#..§...§§@#
#......§§§#
#.........#
#.<.......#
#.........#
.[....####.#
.......# #.#
.......# #.#
.:.... #.#


You could see a steam dragon.

Vanquished Creatures
  A scorpion (D:3)
  A worm (D:3)
  A dart slug (D:2)
  4 orcs (D:3)
  4 bats
  7 endoplasms
  4 giant cockroaches (D:3)
  14 goblins
  5 hobgoblins
  4 jackals (D:1)
  2 quokkas (D:2)
  7 ball pythons
  4 frilled lizards
  4 kobolds
  4 rats (D:2)
66 creatures vanquished.

Notes
Turn   | Place    | Note
-------+----------+-------------------------------------------
     0 | D:1      | bobregger the Ogre Berserker began the quest for the Orb.
     0 | D:1      | Reached XP level 1. HP: 24/24 MP: 1/1
   329 | D:1      | Reached skill level 3 in Maces & Flails
   604 | D:1      | Reached XP level 2. HP: 14/32 MP: 2/2
  1864 | D:2      | Reached XP level 3. HP: 31/39 MP: 3/3
  2111 | D:2      | Reached skill level 4 in Maces & Flails
  2285 | D:2      | Found a hazy altar of Hepliaklqana.
  2614 | D:2      | Found Afuadi's General Store.
  2627 | D:2      | Reached ** piety under Trog
  2882 | D:3      | Reached XP level 4. HP: 30/48 MP: 4/4
  3253 | D:3      | Found a faded altar of an unknown god.
  3364 | D:3      | Noticed a scorpion
  3377 | D:3      | Killed a scorpion
  3378 | D:3      | Reached skill level 5 in Maces & Flails
  3378 | D:3      | Reached XP level 5. HP: 54/54 MP: 5/5
  4407 | D:4      | Noticed a steam dragon
  4414 | D:4      | HP: 1/54 [something/ball of steam (12)]
  4415 | D:4      | Engulfed by a steam dragon's steam

Illustrated notes

Levels and vault maps discovered:
D:1:      dpeg_arrival_circle_labyrinth_c, layout_basic, chequers_jeans,
          chequers_serial_rivers_micro_c, nicolae_concentric_dashed_squares_wild
D:2:      layout_rooms, basic_altar, serial_shops, shop_fountains,
          minmay_distorted
D:3:      layout_basic, chequers_ecumenical_altar_island, portal_sewer_entry_f,
          minmay_misc_feat_iff, kennysheep_big_empty_room, minmay_goblin_outpost
D:4:      layout_basic, minmay_crystal_water

Skill      XL: |  1  2  3  4 |
---------------+-------------+-----
Maces & Flails | 3 4 5 |  5.3
Fighting       | |  4.0
Dodging        | |  2.6

Action                   |  1- 3 |  4- 6 || total
-------------------------+-------+-------++-------
Melee: Mace              |   135 |    60 ||   195
       Punch             |     1 |     2 ||     3
Invok: Berserk           |     1 |     1 ||     2
Evoke: Wand              |       |     3 ||     3
  Use: Scroll            |     5 |       ||     5
 Stab: Sleeping          |     1 |       ||     1
Armor: Animal skin       |    39 |    18 ||    57
Dodge: Dodged            |    94 |    30 ||   124
